 Dungeon Crawl Stone Soup version 0.31-a0-868-g674d60d6f7 (webtiles) character file.

Game seed: 1293210196749444247

840 LeprechaunX the Changeling (level 8, 0/54 HPs)
             Began as an Octopode Shapeshifter on Oct 11, 2023.
             Was an Initiate of Ru.
             Shot with an arrow by a centaur (4 damage)
             ... on level 5 of the Dungeon.
             The game lasted 00:03:56 (3489 turns).

LeprechaunX the Changeling (Octopode Shapeshifter)  Turns: 3489, Time: 00:03:56

Health: 0/54       AC:  1    Str: 16    XL:     8   Next: 0%
Magic:  8/8        EV: 14    Int: 12    God:    Ru [......]
Gold:   129        SH:  0    Dex: 11    Spells: 7/7 levels left

rFire   . .          .
                       - Unarmed
rCold   . . .        (no shield)
rNeg    . . .        (helmet currently unavailable)
rPois   .            (no amulet)
rElec   .            (no ring)
rCorr   .            (no ring)
SInv    .            (no ring)
Will    .....        (no ring)
Stlth   ++           (no ring)
HPRegen 0.29/turn    (no ring)
MPRegen 0.11/turn    (no ring)
                     (no ring)

%: no passive effects
@: beast-form
A: beast (slay +3), almost no armour, amphibious, 8 rings, camouflage 1,
gelatinous body 1, (nimble swimmer 1), tentacles
a: Begin Untransformation, Renounce Religion


You were on level 5 of the Dungeon.
You worshipped Ru.
Ru was noncommittal.
You were a hulking beast.
You visited 1 branch of the dungeon, and saw 5 of its levels.

You collected 129 gold pieces.

Inventory:

Hand Weapons
 a - a +0 sling
Talismans
 b - a beast talisman (active)
 c - a flux talisman
Wands
 n - a wand of charming (10)
Scrolls
 f - a scroll of enchant armour {unknown}
 g - a scroll of fear {unknown}
 h - 5 scrolls of identify {unknown}
 j - a scroll of fog {unknown}
 k - 3 scrolls of teleportation {unknown}
 m - 3 scrolls of brand weapon {unknown}
 o - a scroll of vulnerability {unknown}
 p - a scroll of immolation {unknown}
Potions
 d - 3 potions of heal wounds {unknown}
 e - a potion of enlightenment {unknown}
 i - a potion of berserk rage {unknown}
 l - a potion of curing {unknown}


   Skills:
 + Level 3.9 Fighting
 + Level 4.2 Dodging
 + Level 4.8 Unarmed Combat
 * Level 5.8 Shapeshifting


You had 7 spell levels left.
You didn't know any spells.
Your spell library contained the following spells:

 Spells                   Type           Power      Damage    Failure   Level
 Magic Dart               Conj           0%         1d3       32%         1
 Call Imp                 Summ           0%         N/A       45%         2
 Mephitic Cloud           Conj/Pois/Air  0%         N/A       69%         3
 Ozocubu's Armour         Ice            0%         N/A       69%         3
 Metabolic Englaciation   Hex/Ice        0%         N/A       100%        5
 Simulacrum               Ice/Necr       0%         N/A       100%        6


Dungeon Overview and Level Annotations

Branches:
Dungeon (5/15)
 Temple: D:4-7

Altars:
Cheibriados
Fedhas
Gozag
Ru
Uskayaw

Shops:
D:4 [


Innate Abilities, Weirdness & Mutations

You are a hulking beast.
Your limbs bulge with bestial killing power. (Slay +3)
You cannot wear most types of armour.
You are amphibious.
You can wear up to eight rings at the same time.
Your skin changes colour to match your surroundings (Stealth+).
Your rubbery body absorbs attacks. (AC +1, EV +1)
((You are camouflaged when in or above water. (Stealth+)))
You have tentacles for arms and can constrict up to eight enemies at once.


Message History

You bludgeon the orc!
You kill the orc!
You bludgeon the dart slug! You grab the dart slug.
The dart slug is severely wounded.
You constrict the dart slug. The dart slug misses you.
You completely miss the dart slug.
The dart slug is almost dead.
You constrict the dart slug.
You kill the dart slug!
A gnoll comes into view. It is wielding a +0 halberd.
The gnoll shouts!
You tentacle-slap the orc. Your grab misses the orc.
The orc is severely wounded.
The orc closely misses you.
You tentacle-slap the orc but do no damage.
You grab the orc.
The orc is severely wounded.
You constrict the orc.
A centaur comes into view.
The orc barely misses you.
The centaur shouts!
You tentacle-slap the orc.
You kill the orc!
The centaur wields a +0 shortbow.
The centaur shoots an arrow.
The arrow closely misses you.
The gnoll hits you from afar with a +0 halberd!
You have reached level 8!
The centaur shoots an arrow.
The arrow hits you! The gnoll attacks as it pursues you! The gnoll misses you.
A gnoll bouda comes into view. It is wielding a +0 club.
The centaur shoots an arrow.
The arrow hits you!
The centaur shoots an arrow.
The arrow misses you.
The centaur shoots an arrow.
The arrow hits you!
The centaur shoots an arrow.
The arrow hits you.
* * * LOW HITPOINT WARNING * * *
The centaur shoots an arrow.
The arrow hits you!
* * * LOW HITPOINT WARNING * * *
Unknown command.
The centaur shoots an arrow.
The arrow hits you.
You die...

.. .. ###.#g##
#...c(.. #?#.#)#.#
#!?......
##############.###
#.c....cg...#..#
#.#########.#.####
#h# #........ #.#
#........ #.#
######... #.# #...
#.# #... #.# #...
#.# #... #.# #...
#.### #...


You could see a centaur.

Vanquished Creatures
  Grinder (D:4)
  A black bear (D:4)
  An ogre (D:4)
  Blork the orc (D:4)
  A scorpion (D:4)
  A howler monkey (D:4)
  A jelly (D:4)
  3 hounds
  Jessica (D:2)
  A sleepcap (D:4)
  6 adders
  A worm (D:2)
  2 dart slugs
  9 orcs
  4 bats
  3 endoplasms
  3 giant cockroaches
  10 goblins
  6 hobgoblins
  A jackal (D:4)
  3 kobolds (D:3)
  5 quokkas
  9 ball pythons
  7 frilled lizards
  4 rats
85 creatures vanquished.

Notes
Turn   | Place    | Note
-------+----------+-------------------------------------------
     0 | D:1      | LeprechaunX the Octopode Shapeshifter began the quest for
                  | the Orb.
     0 | D:1      | Reached XP level 1. HP: 13/13 MP: 1/1
     6 | D:1      | Noticed a snapping turtle
     6 | D:1      | Noticed a black bear
     6 | D:1      | Noticed a swamp drake
     7 | D:1      | Noticed a wolf
     7 | D:1      | Noticed a black mamba
   104 | D:1      | Reached XP level 2. HP: 17/18 MP: 2/2
   492 | D:2      | Found a snail-covered altar of Cheibriados.
   500 | D:2      | Reached XP level 3. HP: 14/23 MP: 3/3
   635 | D:2      | Noticed Jessica
   640 | D:2      | Killed Jessica
   641 | D:2      | Reached XP level 4. HP: 15/29 MP: 4/4
   988 | D:2      | Found a faded altar of an unknown god.
  1168 | D:3      | Found an opulent altar of Gozag.
  1605 | D:3      | Reached skill level 4 in Shapeshifting
  1791 | D:3      | Reached XP level 5. HP: 34/34 MP: 5/5
  1960 | D:4      | Noticed Blork the orc
  1964 | D:4      | Killed Blork the orc
  1981 | D:4      | Reached XP level 6. HP: 32/41 MP: 6/6
  2066 | D:4      | Found a blossoming altar of Fedhas.
  2070 | D:4      | Noticed Grinder
  2214 | D:4      | Killed Grinder
  2215 | D:4      | Reached skill level 5 in Shapeshifting
  2215 | D:4      | Reached XP level 7. HP: 41/46 MP: 7/7
  2560 | D:4      | Found a hide-covered altar of Uskayaw.
  2840 | D:4      | Found Moatustu's Antique Armour Shop.
  3139 | D:4      | Found a sacrificial altar of Ru.
  3143 | D:4      | Became a worshipper of Ru the Awakened
  3411 | D:5      | Entered Level 5 of the Dungeon
  3471 | D:5      | Reached XP level 8. HP: 40/54 MP: 8/8
  3484 | D:5      | HP: 2/54 [centaur/arrow (12)]
  3489 | D:5      | Shot with an arrow by a centaur

Illustrated notes

Levels and vault maps discovered:
D:1:      onia_arrival_zoo_common, layout_rooms
D:2:      layout_rooms, ebering_ecumenical_altar_rust, basic_altar,
          due_unseen_surprise, uniq_jessica
D:3:      layout_loops_ring, lemuel_tele_altar
D:4:      minmay_diamond_boxcup, layout_loops_ring,
          mainiacjoe_overflow_catch_the_wave, overflow_temple_1_default,
          serial_shops, nicolae_lakefront_shop, minmay_crystal_water,
          uniq_grinder, uniq_blork_the_orc
D:5:      minmay_spotlight, layout_basic, gammafunk_temple_overflow_claw,
          mainiacjoe_overflow_alcove_3, minmay_manual_monstrance,
          uniq_crazy_yiuf_cottage

Skill      XL: |  1  2  3  4  5  6  7 |
---------------+----------------------+-----
Fighting       | 2 3 |  3.9
Shapeshifting  | 4 5 |  5.8
Dodging        | 3 4 |  4.2
Unarmed Combat | 4 |  4.8

Action                     |  1- 3 |  4- 6 |  7- 9 || total
---------------------------+-------+-------+-------++-------
  Melee: Unarmed           |    44 |    77 |    60 ||   181
         Tentacles         |    13 |    11 |    11 ||    35
         Constrict         |    10 |    23 |    12 ||    45
         Punch             |       |     3 |     1 ||     4
    Use: Potion            |       |     1 |       ||     1
   Stab: Sleeping          |     2 |     5 |     7 ||    14
         Distracted        |       |       |     1 ||     1
 Armour: Skin              |    15 |    33 |    33 ||    81
  Dodge: Dodged            |    28 |    26 |    40 ||    94

Table legend: (Time is in decaauts)
 A = Elapsed time spent in this place.
 B = Non-inter-level travel time spent in this place.
 C = Inter-level travel time spent in this place.
 D = Time resting spent in this place.
 E = Time spent auto-exploring this place.
 F = Levels seen in this place.
 G = Mean time per level.
                   A        B        C        D        E       F      G
               +--------+--------+--------+--------+--------+-----+--------+
         Total |   3475 |   3348 |    127 |    286 |   2536 |   5 |  695.0 |
       Dungeon |   3475 |   3348 |    127 |    286 |   2536 |   5 |  695.0 |
               +--------+--------+--------+--------+--------+-----+--------+

Top non-repeatable levels by time:
     D:4: 1552 daAuts
     D:3: 747 daAuts
     D:2: 607 daAuts
     D:1: 490 daAuts
     D:5: 76 daAuts
